 Dungeon Crawl Stone Soup version 0.13.0-25-g43d4df3 (webtiles) character file.

231 Malachi the Chopper (level 4, -3/43 HPs)
             Began as a Deep Dwarf Berserker on Oct 27, 2013.
             Was a Priest of Trog.
             Slain by a gnoll
             ... wielding a +0,+1 spear
              (4 damage)
             ... on Level 3 of the Dungeon.
             The game lasted 00:03:14 (1225 turns).

Malachi the Chopper (Deep Dwarf Berserker)          Turns: 1225, Time: 00:03:14

HP  -3/43        AC  2     Str 22      XL: 4   Next: 79%
MP   3/3         EV 12     Int  7      God: Trog [***...]
Gold 108         SH  0     Dex 12      Spells:  0 memorised,  3 levels left

Res.Fire  : . . .   See Invis. : .   a - +0 dwarf hand axe {=f}
Res.Cold  : . . .   Warding    : .   b - +0 animal skin
Life Prot.: . . .   Conserve   : .   (no shield)
Res.Poison: .       Res.Corr.  : .   (no helmet)
Res.Elec. : .       Clarity    : .   (no cloak)
Sust.Abil.: . .     Spirit.Shd : .   (no gloves)
Res.Mut.  : .       Stasis     : .   (no boots)
Res.Rott. : .       Flight     : .   (no amulet)
Saprovore : . . .                    (no ring)
                                     (no ring)

@: non-regenerating, exhausted, mildly poisoned, slowed, very slow, slightly
resistant to hostile enchantments, unstealthy
A: damage resistance, recharge devices, sense surroundings 1, slow healing 3
a: Device Recharging, Burn Spellbooks, Berserk, Trog's Hand, Renounce Religion


You were on level 3 of the Dungeon.
You worshipped Trog.
Trog was most pleased with you.
You were very hungry.

You visited 1 branch of the dungeon, and saw 3 of its levels.

You collected 88 gold pieces.

Inventory:

Hand weapons
 a - a +0,+0 dwarven hand axe (weapon) {=f}
Armour
 b - a +0 animal skin (worn)
Magical devices
 c - a wand of heal wounds (5)
Comestibles
 d - 2 bread rations
 f - a choko
 p - 2 chunks of hobgoblin flesh
Scrolls
 h - 2 scrolls of enchant armour {unknown}
 i - 5 scrolls of identify {unknown}
 n - a scroll of remove curse {unknown}
 o - a scroll of teleportation {unknown}
Jewellery
 k - an uncursed ring of sustenance {unknown}
Potions
 e - a potion of heal wounds {unknown}
 g - a potion of slowing {unknown}
 j - a potion of cure mutation {unknown}
 l - a potion of berserk rage {unknown}
 m - a potion of restore abilities {unknown}


   Skills:
 - Level 2.6 Fighting
 * Level 6.0 Axes
 - Level 2.1 Armour
 - Level 2.1 Dodging
 + Level 1.0 Stealth


You had 3 spell levels left.
You didn't know any spells.

Dungeon Overview and Level Annotations

Branches:
Dungeon (3/27)

Altars:

Portals:
Ziggurat: D:3 (5140 gp)


Innate Abilities, Weirdness & Mutations

You are resistant to damage.
You can recharge devices by infusing magical energy.
You passively map a small area around you.
You do not heal naturally.


Message History

You hit the adder.
The adder is almost dead.
The adder bites you.
The gnoll hits you from afar with a spear.
The adder closely misses you.
You hit the adder.
You kill the adder!
Trog accepts your kill.
Your Axes skill increases to level 6!
Your Stealth skill increases to level 1!
The gnoll hits you from afar with a spear.
* * * LOW HITPOINT WARNING * * *
The gnoll closely misses you. The gnoll completely misses you.
You hit the gnoll.
The gnoll is heavily wounded.
The gnoll hits you with a spear!
* * * LOW HITPOINT WARNING * * *
The gnoll hits you with a spear.
You die...

### #.###......... *
..................... *
,..........###.##.#####
,.........##..........
, ....................
** #.?.....##.......###
#..................#
#..g....##..<....#.# *
#.%@....##..##.###.#
#..)))..##..##......
####%.#.##..##......
##..#.##..##......
#.................
*#...#.##..##......
.......#.##..##......
.......#.##..........
.......#.##.....#####


You could see a gnoll.

Vanquished Creatures
  3 gnolls (D:3)
  3 adders
  4 orcs (D:3)
  2 ball pythons
  4 bats
  4 goblins
  5 hobgoblins
  13 jackals
  2 giant cockroaches
  6 giant newts
  3 kobolds
  4 quokkas
  5 rats
58 creatures vanquished.

Notes
Turn   | Place    | Note
--------------------------------------------------------------
     0 | D:1      | Malachi, the Deep Dwarf Berserker, began the quest for the Orb.
     0 | D:1      | Reached XP level 1. HP: 21/21 MP: 0/0
   237 | D:1      | Reached skill level 4 in Axes
   237 | D:1      | Reached XP level 2. HP: 25/28 MP: 1/1
   320 | D:1      | Acquired Trog's second power
   798 | D:2      | Reached XP level 3. HP: 19/34 MP: 2/2
   906 | D:3      | Reached skill level 5 in Axes
  1012 | D:3      | Found a gateway to a ziggurat.
  1065 | D:3      | Reached XP level 4. HP: 30/43 MP: 3/3
  1223 | D:3      | Reached skill level 6 in Axes
  1223 | D:3      | Reached skill level 1 in Stealth
  1225 | D:3      | HP: 1/43 [gnoll/spear (10)]
  1225 | D:3      | Slain by a gnoll

Action                   |  1- 3 |  4- 6 || total
-------------------------+-------+-------++-------
Melee: Hand axe          |   166 |    35 ||   201
Invok: Trog's Hand       |     3 |       ||     3
       Berserk           |       |     1 ||     1
  Use: Scroll            |     4 |       ||     4
 Stab: Distracted        |     1 |       ||     1
       Sleeping          |     1 |       ||     1
